 Dungeon Crawl Stone Soup version 0.31.0-11-ge490571c62 (webtiles) character file.

Game seed: 7972741440499033130

66 qw the Shooter (level 3, 0/18 HPs)
             Began as a Spriggan Hunter on Feb 4, 2024.
             Succumbed to their own poison gas
             ... on level 2 of the Dungeon.
             The game lasted 00:00:04 (1294 turns).

qw the Shooter (Spriggan Hunter)                    Turns: 1294, Time: 00:00:04

Health: 0/18       AC:  2    Str:  7    XL:     3   Next: 96%
Magic:  4/4        EV: 19    Int: 10    God:
Gold:   97         SH:  0    Dex: 20    Spells: 2/2 levels left

rFire   . . .        d - +1 shortbow (heavy)
rCold   . . .        (shield currently unavailable)
rNeg    . . .        c - +0 robe
rPois   .            (helmet restricted)
rElec   .            (no cloak)
rCorr   .            (gloves unavailable)
SInv    +            (boots unavailable)
Will    .....        (no amulet)
Stlth   ++           (no ring)
HPRegen 0.23/turn    (no ring)
MPRegen 0.09/turn

%: no passive effects
@: lethally poisoned (0 -> -11), very quick
A: very small, no large weapons, unfitting armour, see invisible, speed 3
a: no special abilities


You were on level 2 of the Dungeon.
You visited 1 branch of the dungeon, and saw 2 of its levels.

You collected 97 gold pieces.


Innate Abilities, Weirdness & Mutations

You are very small and have problems with some larger weapons.
You are too small for most types of armour.
You have supernaturally acute eyesight. (SInv)
You cover ground extremely quickly. (Speed+++)


   Skills:
 - Level 1.5 Fighting
 - Level 5.0 Ranged Weapons
 + Level 4.2 Dodging
 - Level 1.5 Stealth


You had 2 spell levels left.
You didn't know any spells.
Your spell library was empty.

Inventory:

Hand Weapons
 d - a +1 heavy shortbow (weapon)
Armour
 c - a +0 robe (worn)
Scrolls
 b - a scroll of enchant armour
Potions
 j - a potion of heal wounds
 k - 2 potions of resistance
 l - a potion of brilliance {unknown}

Dungeon Overview and Level Annotations

Branches:
Dungeon (2/15)

Altars:


Message History

As you read the scroll labelled UJUPEU SAVOF, it crumbles to dust.
You hear a loud clanging noise!
It was a scroll of noise.
Done exploring.
1287 ||| READING scroll labelled NAUVOI JEVISSO.
As you read the scroll labelled NAUVOI JEVISSO, it crumbles to dust.
It is a scroll of brand weapon.
1287 ||| BRANDING +1 shortbow of freezing.
Your +1 shortbow of freezing becomes incredibly heavy!
d - a +1 heavy shortbow (weapon)
Done exploring.
1288 ||| READING scroll labelled FUQEPH POFIAXT.
As you read the scroll labelled FUQEPH POFIAXT, it crumbles to dust.
The air around you briefly surges with heat, but it dissipates.
It was a scroll of immolation.
Done exploring.
1289 ||| READING scroll labelled BUUWYN POQU.
The air fills with toxic fumes!
As you read the scroll labelled BUUWYN POQU, it crumbles to dust.
It was a scroll of poison.
Done exploring.
What level of the Dungeon? (default 2, ? - help) Sorry, I don't know how to get there.
Enter note:
Enter note:
Enter note:
Enter note:
Enter note:
Enter note: You are engulfed in poison gas.
You are lethally poisoned!
You feel very sick.
1291 ||| Stepping ~*~*~tactically~*~*~ (cloud).
You feel very sick.
There is a lethal amount of poison in your body!
You feel very sick.
There is a lethal amount of poison in your body!
You feel very sick.
There is a lethal amount of poison in your body!
You die...

#.#.##.# #.#..# #.# .......##
##¤#¤¤# #.# ........#
#¤¤¤¤¤#####.####### ###..##.#
###¤¤¤¤¤##..........# #
#..##.###¤¤¤¤¤¤¤##.##?#####.###
###..##..¤¤¤¤¤¤¤¤¤¤#.##.# ##.#.#.
.....###.##¤¤¤¤¤¤¤¤#¤##.###.###..
.....# #.####¤¤¤¤¤¤¤0##....## ##.
.....# #.# #¤¤0@#...######.###..
..#..# #.# ####¤#...# #......
.....# #.# #¤#...######.###..
..#.## #.#######0#..........# #..
..#.####........¤##..######.###.#
..#.....<..########.......).....#
..########.# #####.######### ..#
#.# #.# ..# #.# #.#


There were no monsters in sight!

Vanquished Creatures
  3 adders (D:2)
  4 bats
  2 endoplasms
  A giant cockroach (D:2)
  6 goblins
  6 hobgoblins
  2 quokkas (D:1)
  5 ball pythons
  7 frilled lizards
  2 rats (D:2)
38 creatures vanquished.

Notes
Turn   | Place    | Note
-------+----------+-------------------------------------------
     0 | D:1      | qw the Spriggan Hunter began the quest for the Orb.
     0 | D:1      | Reached XP level 1. HP: 10/10 MP: 2/2
     0 | D:1      | 0 ||| qw: Version: 0.3-a-160-g6735b56
     0 | D:1      | 0 ||| qw: Game counter: 4712
     0 | D:1      | 0 ||| qw: Melee chars always use a shield: true
     0 | D:1      | 0 ||| qw: God list: Okawaru
     0 | D:1      | 0 ||| qw: Allow faded altars: false
     0 | D:1      | 0 ||| qw: Do Orc after clearing Dungeon:15 true
     0 | D:1      | 0 ||| qw: Do second Lair branch before Depths: true
     0 | D:1      | 0 ||| qw: Lair rune preference: random
     0 | D:1      | 0 ||| qw: Goals: Normal
     0 | D:1      | 0 ||| PLANNING D:1-11
    56 | D:1      | Reached skill level 3 in Dodging
   152 | D:1      | Reached XP level 2. HP: 14/14 MP: 3/3
   631 | D:1      | 631 ||| DROPPING ring of wizardry.
   632 | D:1      | 632 ||| READING scroll labelled DAIFES IR ESAW.
   632 | D:1      | 632 ||| ENCHANTING +0 shortbow.
   633 | D:1      | 633 ||| READING 2 scrolls labelled BOWUUW NEGINEY.
   633 | D:1      | 633 ||| IDENTIFYING fizzy puce potion
   634 | D:1      | 634 ||| READING scroll of identify.
   634 | D:1      | 634 ||| IDENTIFYING 2 bubbling coppery potions
   635 | D:1      | 635 ||| READING scroll labelled POQOYRCHU WEEXI.
   636 | D:1      | 636 ||| READING scroll labelled RYATIC QOWIA.
   636 | D:1      | 636 ||| ENCHANTING +0 shortbow.
   637 | D:1      | 637 ||| READING scroll labelled PIOPTICWES.
   637 | D:1      | Identified a scroll of acquirement
   637 | D:1      | 637 ||| ACQUIRING +1 shortbow of freezing
   637 | D:1      | Acquired a +1 shortbow of freezing
   639 | D:1      | 639 ||| SWAPPING to +1 shortbow of freezing.
   640 | D:1      | 640 ||| DROPPING +1 shortbow.
   641 | D:1      | 641 ||| DROPPING scroll of butterflies.
   642 | D:1      | 642 ||| DROPPING 2 potions of berserk rage.
   810 | D:2      | Reached XP level 3. HP: 18/18 MP: 4/4
   813 | D:2      | Found a faded altar of an unknown god.
  1132 | D:2      | Reached skill level 5 in Ranged Weapons
  1138 | D:2      | 1138 ||| FLEEEEING.
  1284 | D:2      | 1284 ||| READING scroll of identify.
  1284 | D:2      | 1284 ||| IDENTIFYING glowing yellow potion
  1285 | D:2      | 1285 ||| READING scroll labelled NACYIG WUNG.
  1286 | D:2      | 1286 ||| READING scroll labelled UJUPEU SAVOF.
  1287 | D:2      | 1287 ||| READING scroll labelled NAUVOI JEVISSO.
  1287 | D:2      | 1287 ||| BRANDING +1 shortbow of freezing.
  1288 | D:2      | 1288 ||| READING scroll labelled FUQEPH POFIAXT.
  1289 | D:2      | 1289 ||| READING scroll labelled BUUWYN POQU.
  1291 | D:2      | 1291 ||| Stepping ~*~*~tactically~*~*~ (cloud).
  1293 | D:2      | HP: 3/18 [poisoned by you (poison gas)]
  1294 | D:2      | Succumbed to their own poison gas

Levels and vault maps discovered:
D:1:      tarquinn_simple_flora_water_f, layout_basic
D:2:      layout_loops_ring, basic_ecumenical_altar, minmay_guardbox

Skill      XL: |  1  2  3 |
---------------+----------+-----
Dodging        | 3 4 |  4.2
Ranged Weapons | 5 |  5.0
Fighting       | |  1.5
Stealth        | |  1.5

Action                     || total
---------------------------++-------
   Fire: Shortbow          ||    82
    Use: Scroll            ||    12
 Armour: Robe              ||     8
  Dodge: Dodged            ||    33

Table legend:
 A = Non-vault XP
 B = Vault XP
 C = Vault XP percentage of total XP
 D = Non-vault monster count
 E = Vault monster count
 F = Vault count percentage of total count
                 A         B        C        D         E       F
            +---------+---------+-------+---------+---------+-------
      Total |      66 |      29 |  30.5 |      26 |      12 |  31.6
            +---------+---------+-------+---------+---------+-------
        D:1 |      25 |       0 |   0.0 |      15 |       0 |   0.0
        D:2 |      41 |      29 |  41.4 |      11 |      12 |  52.2
            +---------+---------+-------+---------+---------+-------
